 Dungeon Crawl Stone Soup version 0.29.1-1-gd02db6906a (webtiles) character file.

Game seed: 4621932185348506822

647 MisterFreud the Nimble (level 7, -10/33 HPs)
             Began as a Felid Berserker on Oct 10, 2022.
             Was a Priest of Trog.
             Killed by divine providence
             ... invoked by an orc priest
              (13 damage)
             ... on level 6 of the Dungeon.
             The game lasted 00:05:41 (5714 turns).

MisterFreud the Nimble (Felid Berserker)            Turns: 5714, Time: 00:05:42

Health: -10/33     AC:  2    Str: 13    XL:     7   Next: 27%
Magic:  8/8        EV: 24    Int:  8    God:    Trog [***...]
Gold:   183        SH:  0    Dex: 18    Spells: 6/6 levels left
                                        Lives:  0   Deaths: 2

rFire   . . .      SeeInvis +     - Unarmed
rCold   . . .      Faith    .   (shield unavailable)
rNeg    . . .      Spirit   .   (body armour unavailable)
rPois   .          Reflect  .   (helmet unavailable)
rElec   .          Harm     .   (cloak unavailable)
rCorr   .          Rampage  .   (gloves unavailable)
Will    +++..                   (boots unavailable)
Stlth   +++.......              (no amulet)
HPRegen 1.11/turn               (no ring)
MPRegen 0.11/turn               (no ring)

@: strong-willed, regenerating, quick
A: very small, claws 1, fangs 3, see invisible, speed 1, shaggy fur 2, stealthy
paws, no weapons or thrown items, no armour, multi-lived
a: Renounce Religion, Berserk, Trog's Hand


You were on level 6 of the Dungeon.
You worshipped Trog.
Trog was most pleased with you.
You visited 1 branch of the dungeon, and saw 8 of its levels.

You collected 183 gold pieces.

Inventory:

Jewellery
 i - a +6 ring of strength
Wands
 h - a wand of flame (13)
 s - a wand of charming (16)
Scrolls
 g - a scroll of magic mapping
 l - a scroll of blinking
 m - a scroll of fear
 o - a scroll of acquirement {unknown}
 p - 4 scrolls of teleportation
 q - 4 scrolls of summoning
 r - 2 scrolls of identify
 t - a scroll of butterflies
Potions
 a - 2 potions of mutation
 b - 4 potions of curing
 c - 2 potions of berserk rage
 d - 2 potions of attraction {unknown}
 e - 2 potions of flight {unknown}
 f - 2 potions of heal wounds {unknown}
 j - 2 potions of degeneration {unknown}
 k - a potion of lignification {unknown}
 n - a potion of haste {unknown}
 u - a potion of brilliance {unknown}


   Skills:
 - Level 5.0 Fighting
 + Level 10.0 Dodging
 + Level 6.1 Stealth
 + Level 6.0 Unarmed Combat


You had 6 spell levels left.
You didn't know any spells.
Your spell library was empty.

Dungeon Overview and Level Annotations

Branches:
Dungeon (8/15)             Temple (0/1) D:7
   Lair: D:8-11

Altars:
Elyvilon
Gozag
Nemelex Xobeh
Okawaru
Qazlal

Shops:
D:5 (


Innate Abilities, Weirdness & Mutations

You have sharp claws.
You have razor-sharp teeth.
You have supernaturally acute eyesight. (SInv)
You cover ground quickly. (Speed+)
You are covered in thick fur. (AC +2)
Your paws help you pounce on unaware monsters.
You are incapable of wielding weapons or throwing items.
You cannot wear armour.
You gain extra lives every three experience levels.


Message History

You scratch the orc wizard. You bite the orc wizard.
The orc wizard is heavily wounded.
The orc wizard closely misses you.
There are monsters nearby!
You claw the orc wizard!
You kill the orc wizard!
Trog accepts your kill.
Trog appreciates your killing of a magic user.
The orc priest mumbles some strange prayers to Beogh against you.
Pain shoots through your body!
There are monsters nearby!
The orc throws a stone.
The stone completely misses you. The orc priest misses you.
You scratch the orc priest.
The orc priest is lightly wounded.
The orc priest looks braver for a moment.
The orc priest hits you with a +0 trident.
You are too injured to fight recklessly!
You are too injured to fight recklessly!
You barely miss the orc priest.
The orc priest is lightly wounded.
The orc priest invokes the aid of Beogh against you.
Beogh smites you!
* * * LOW HITPOINT WARNING * * *
You scratch the orc priest but do no damage.
The orc priest is lightly wounded.
The orc hits you with a +0 flail.
* * * LOW HITPOINT WARNING * * *
The orc priest calls down the wrath of Beogh upon you.
You resist with significant effort.
Okay, then.
Your skin crawls.
You feel strong-willed. The adder bites you.
* * * LOW HITPOINT WARNING * * *
The orc hits you with a +0 flail.
* * * LOW HITPOINT WARNING * * *
The orc priest invokes the aid of Beogh against you.
Beogh smites you!
You die...

#.....#....# ..
#....##....# ...
#....##....# ....
#....##....#
)...#+####+########....#
............#..........#
......!.....#..........#
......oo....#..######..#
......o@....#'##########
......hS....#.........(#
............#..........#
............'..........#
............#..##..#####
............#..##..##..#
....####....#..#.......#
.... ######..#.......#
... #...#...##..#


You could see a black bear, 2 orc priests, an adder and an orc.

Vanquished Creatures
  Sigmund (D:2)
  2 water moccasins
  2 black bears
  An ogre (D:5)
  A phantom (D:6)
  2 bullfrogs
  4 scorpions
  An orc priest (D:7)
  A gnoll bouda (D:3)
  Terence (D:2)
  4 orc wizards
  7 gnolls
  7 adders
  A white imp (D:6)
  2 worms
  3 dart slugs
  7 orcs
  7 endoplasms
  2 giant cockroaches (D:1)
  14 goblins
  5 hobgoblins
  4 jackals (D:3)
  11 kobolds
  9 ball pythons
  4 bats
  A frilled lizard (D:3)
  4 rats (D:1)
108 creatures vanquished.

Vanquished Creatures (others)
  3 plants (D:2)
3 creatures vanquished.

Grand Total: 111 creatures vanquished

Notes
Turn   | Place    | Note
-------+----------+-------------------------------------------
     0 | D:1      | MisterFreud the Felid Berserker began the quest for the
                  | Orb.
     0 | D:1      | Reached XP level 1. HP: 10/10 MP: 2/2
   271 | D:1      | Reached XP level 2. HP: 14/14 MP: 3/3
  1266 | D:2      | Reached ** piety under Trog
  1339 | D:2      | Found a stormy altar of Qazlal.
  1340 | D:2      | Noticed Sigmund
  1351 | D:2      | Killed Sigmund
  1352 | D:2      | Reached skill level 5 in Dodging
  1352 | D:2      | Reached XP level 3. HP: 18/18 MP: 4/4
  1352 | D:2      | Reached XP level 4. HP: 22/22 MP: 5/5
  1352 | D:2      | Reached XP level 5. HP: 25/25 MP: 6/6
  1530 | D:2      | Reached skill level 1 in Stealth
  1689 | D:2      | Noticed Terence
  1697 | D:2      | Killed Terence
  2370 | D:3      | Gained mutation: You are covered in thick fur. (AC +2)
                  | [Felid growth]
  2370 | D:3      | Reached XP level 6. HP: 19/28 MP: 7/7
  3109 | D:3      | Reached skill level 5 in Unarmed Combat
  3378 | D:3      | Reached *** piety under Trog
  3645 | D:4      | Reached skill level 5 in Stealth
  3673 | D:4      | Found a sparkling altar of Nemelex Xobeh.
  3674 | D:4      | Found an opulent altar of Gozag.
  3755 | D:4      | Reached XP level 7. HP: 32/32 MP: 8/8
  4272 | D:4      | Found an iron altar of Okawaru.
  4706 | D:5      | Entered Level 5 of the Dungeon
  4740 | D:5      | Reached skill level 6 in Dodging
  4771 | D:5      | Reached skill level 5 in Fighting
  4829 | D:5      | Found Rom Yfu's Weapon Boutique.
  4895 | D:5      | Reached skill level 7 in Dodging
  4941 | D:5      | You fall into a shaft and drop 3 floors!
  4980 | D:8      | Found a white marble altar of Elyvilon.
  4997 | D:8      | Reached XP level 8. HP: 37/37 MP: 9/9
  5146 | D:7      | Slain by an orc warrior
  5147 | D:7      | Reached XP level 7. HP: -1/33 MP: 8/8
  5177 | D:7      | Reached skill level 8 in Dodging
  5240 | D:7      | Slain by an orc warrior
  5241 | D:7      | Reached XP level 6. HP: 0/45 MP: 7/7
  5274 | D:7      | Found a staircase to the Ecumenical Temple.
  5342 | D:6      | Reached skill level 9 in Dodging
  5538 | D:6      | Noticed a water moccasin
  5546 | D:6      | Killed a water moccasin
  5547 | D:6      | Reached XP level 7. HP: 33/33 MP: 8/8
  5555 | D:6      | Reached skill level 10 in Dodging
  5714 | D:6      | Killed from afar by an orc priest

Illustrated notes

Levels and vault maps discovered:
D:1:      noname_arrival_rooms_in_the_neighbourhood, layout_loops_ring,
          minmay_misc_feat_pillars
D:2:      wad_river_or_something, layout_basic, basic_altar, serial_forest,
          infiniplex_forest_lined_room_2, infiniplex_forest_zigzag_1,
          infiniplex_forest_lined_3, infiniplex_forest_lined_4_way,
          infiniplex_forest_lined_room_2, infiniplex_forest_clump_C,
          infiniplex_forest_lined_corner, minmay_misc_feat_roman, uniq_sigmund,
          uniq_terence
D:3:      cheibrodos_old_hovel, layout_basic, dk_vineyard_3,
          small_statue_alley_b
D:4:      layout_loops_ring, grunt_temple_overflow_opulence,
          kennysheep_okawaru_gauntlet, serial_glass, glass_columns_b,
          glass_columns_b
D:5:      layout_rooms, serial_shops, shop, uniq_duvessa, uniq_ijyb
D:6:      layout_gridville, uniq_crazy_yiuf_cottage, uniq_blork_the_orc
D:7:      layout_basic, minmay_temple_entry_steel_oval
D:8:      layout_loops_ring, grunt_livestock, hangedman_feature_mirror

Skill      XL: |  1  2  3  4  5  6  7 |
---------------+----------------------+-----
Fighting       | 4 5 |  5.0
Dodging        | 5 9 10 | 10.0
Unarmed Combat | 4 5 6 |  6.0
Stealth        | 3 5 6 |  6.1

Action                   |  1- 3 |  4- 6 |  7- 9 || total
-------------------------+-------+-------+-------++-------
Melee: Unarmed           |    60 |   181 |   112 ||   353
       Bite              |     7 |    28 |     8 ||    43
       Punch             |       |     3 |     3 ||     6
Invok: Berserk           |     1 |     4 |     3 ||     8
       Trog's Hand       |       |       |     2 ||     2
Evoke: Wand              |       |       |     5 ||     5
  Use: Scroll            |     4 |     5 |     3 ||    12
 Stab: Sleeping          |     1 |     7 |     4 ||    12
       Distracted        |       |     1 |     1 ||     2
Armor: Skin              |     2 |     6 |     6 ||    14
Dodge: Dodged            |    42 |   149 |    78 ||   269
